 Dungeon Crawl Stone Soup version 0.25.1-2-g60ff931df9 (webtiles) character file.

Game seed: 4620125264795760389

542 Curus the Cleaver (level 7, 0/57 HPs)
             Began as a Hill Orc Monk on Nov 3, 2020.
             Succumbed to an orc's poison
             ... on level 3 of the Dungeon.
             The game lasted 00:17:50 (3759 turns).

Curus the Cleaver (Hill Orc Monk)                   Turns: 3759, Time: 00:17:50

Health: 0/57       AC:  8    Str: 14    XL:     7   Next: 27%
Magic:  7/7        EV: 11    Int: 10    God:
Gold:   123        SH:  0    Dex: 15    Spells: 6/6 levels left

rFire    + . .     SeeInvis .   a - +2 hand axe
rCold    . . .     Gourm    .   (no shield)
rNeg     . . .     Faith    .   e - +0 ring mail
rPois    .         Spirit   .   h - +0 helmet
rElec    .         Reflect  .   j - +0 cloak
rCorr    .         Harm     .   f - +0 pair of gloves (curse)
MR       .....                  (no boots)
Stlth    +.........             (no amulet)
HPRegen  0.19/turn              l - ring of protection from fire
MPRegen  0.10/turn              (no ring)

@: lethally poisoned (0 -> -1)
A: no striking features
a: no special abilities


You were on level 3 of the Dungeon.
You were not hungry.

You visited 1 branch of the dungeon, and saw 3 of its levels.
You also visited: Sewer.

You collected 123 gold pieces.

Inventory:

Hand Weapons
 a - a +2 hand axe (weapon)
Armour
 b - a +0 robe
 d - a +0 leather armour
 e - a +0 ring mail (worn)
 f - a cursed +0 pair of gloves (worn)
 h - a +0 helmet (worn)
 j - a +0 cloak (worn)
Jewellery
 l - a ring of protection from fire (left hand)
Scrolls
 k - a scroll of identify
Potions
 g - a potion of stabbing
 i - a potion of invisibility
Comestibles
 c - 9 rations
 m - 7 chunks of flesh


   Skills:
 - Level 3.6 Fighting
 + Level 10.5 Axes
 - Level 2.4 Dodging
 - Level 1.5 Stealth


You had 6 spell levels left.
You didn't know any spells.
Your spell library was empty.

Dungeon Overview and Level Annotations

Branches:
Dungeon (3/15)              Sewer (visited)

Altars:


Message History

You hit the orc wizard.
You kill the orc wizard!
* * * LOW HITPOINT WARNING * * *
You feel sick.
Things that are here:
a +0 dagger; a +0 robe; an orc corpse
There is a lethal amount of poison in your body!
Some of the chunks of flesh in your inventory have rotted away.
* * * LOW HITPOINT WARNING * * *
You feel sick.
Found 16 stones.
* * * LOW HITPOINT WARNING * * *
You feel sick.
* * * LOW HITPOINT WARNING * * *
You feel sick.
* * * LOW HITPOINT WARNING * * *
You feel sick.
* * * LOW HITPOINT WARNING * * *
You feel sick.
You die...

.. #.# ##.##### #...#
##.##.###.>....# #. ###...#
#[#........# #.##...#..<...
##†##.##..####.#...........
#...).##(.##........#......
#..#####)......###. ###....
##..#####..(#.#.# #...†
#............)..# ####.
#.<.#######@.#).##### #. #...#
#.........########
#####...##### #..#...........#
#
##.>.........###.###.##.....(.#
#
................##.##.........#
#
##.......(...###..#..##.......#
# ##.###...#####
##.............# # ##.# #...#
#.......####### ##.# #...#
####.#### ####


There were no monsters in sight!

Vanquished Creatures
  Purgy (Sewer)
  An ogre (D:1)
  A centaur (D:3)
  2 orc wizards (D:3)
  Crazy Yiuf (D:2)
  Robin (D:2)
  3 gnolls (D:3)
  4 adders
  An ooze (D:2)
  4 worms (D:3)
  3 dart slugs
  2 leopard geckos (D:2)
  6 orcs (D:3)
  6 giant cockroaches
  11 goblins
  7 hobgoblins
  6 jackals
  12 kobolds
  3 ball pythons
  11 bats
  8 frilled lizards
  5 rats
  A fungus (D:2)
100 creatures vanquished.

Notes
Turn   | Place    | Note
-------+----------+-------------------------------------------
     0 | D:1      | Curus the Hill Orc Monk began the quest for the Orb.
     0 | D:1      | Reached XP level 1. HP: 19/19 MP: 1/1
   369 | D:1      | Reached XP level 2. HP: 26/26 MP: 2/2
   386 | D:1      | Reached skill level 5 in Axes
   739 | D:1      | Reached XP level 3. HP: 31/31 MP: 3/3
   841 | D:2      | Reached skill level 6 in Axes
   975 | D:2      | Reached XP level 4. HP: 31/39 MP: 4/4
  1562 | D:2      | Noticed Robin
  1585 | D:2      | Killed Robin
  1590 | D:2      | Reached skill level 7 in Axes
  1866 | D:2      | Noticed an ogre
  2411 | D:1      | Killed an ogre
  2411 | D:1      | Reached skill level 8 in Axes
  2411 | D:1      | Reached XP level 5. HP: 18/45 MP: 5/5
  2642 | D:2      | Found a runed translucent door.
  2643 | D:2      | Noticed Crazy Yiuf
  2657 | D:2      | Killed Crazy Yiuf
  2896 | D:3      | Noticed a centaur
  2903 | D:3      | Killed a centaur
  2903 | D:3      | Reached skill level 9 in Axes
  2903 | D:3      | Reached XP level 6. HP: 41/51 MP: 6/6
  2915 | D:3      | Found a glowing drain.
  2932 | Sewer    | Entered a sewer
  3005 | Sewer    | Noticed Purgy
  3018 | Sewer    | Killed Purgy
  3155 | D:3      | Reached skill level 10 in Axes
  3155 | D:3      | Reached XP level 7. HP: 55/57 MP: 7/7
  3743 | D:3      | HP: 2/57 [poisoned by an orc]
  3748 | D:3      | HP: 1/57 [poisoned by an orc]
  3755 | D:3      | HP: 1/57 [poisoned by an orc]
  3759 | D:3      | Succumbed to an orc's poison

Illustrated notes

Levels and vault maps discovered:
D:1:      dpeg_arrival_pond, layout_rooms
D:2:      minmay_skewed_foursquare, layout_basic, uniq_robin,
          uniq_crazy_yiuf_cottage
D:3:      layout_loops_cross, first_ration,
          chequers_ecumenical_altar_simple_redux, cheibrodos_sewer_entry_drain

Skill      XL: |  1  2  3  4  5  6 |
---------------+-------------------+-----
Axes           | 5 6 8 9 10 | 10.5
Fighting       | |  3.6
Dodging        | |  2.4
Stealth        | |  1.5

Action                   |  1- 3 |  4- 6 |  7- 9 || total
-------------------------+-------+-------+-------++-------
Melee: Hand axe          |    83 |   172 |    63 ||   318
  Use: Scroll            |     3 |     1 |       ||     4
       Potion            |     1 |     5 |     1 ||     7
 Stab: Sleeping          |     1 |       |       ||     1
  Eat: Chunk             |       |     7 |     2 ||     9
Armor: Robe              |     5 |       |       ||     5
       Leather armour    |    16 |       |       ||    16
       Ring mail         |     8 |    54 |    16 ||    78
Dodge: Dodged            |    51 |    73 |    23 ||   147
